 Dungeon Crawl Stone Soup version 0.27.1-1-g398f81649c (webtiles) character file.

Game seed: 11128850621718691454

0 Descartes the Charlatan (level 1, -2/9 HPs)
             Began as a Spriggan Artificer on Sept 22, 2021.
             Slain by a quokka (5 damage)
             ... on level 1 of the Dungeon.
             The game lasted 00:00:28 (70 turns).

Descartes the Charlatan (Spriggan Artificer)          Turns: 70, Time: 00:00:28

Health: -2/9       AC:  2    Str:  8    XL:     1   Next: 8%
Magic:  2/2        EV: 17    Int: 12    God:
Gold:   0          SH:  0    Dex: 15    Spells: 0/0 levels left

rFire    . . .     SeeInvis +   a - +0 club
rCold    . . .     Faith    .   (shield restricted)
rNeg     . . .     Spirit   .   b - +0 robe
rPois    .         Reflect  .   (helmet restricted)
rElec    .         Harm     .   (no cloak)
rCorr    .         Rampage  .   (gloves unavailable)
Will     .....                  (boots unavailable)
Stlth    ++........             (no amulet)
HPRegen  0.03/turn              (no ring)
MPRegen  0.08/turn              (no ring)

@: very quick
A: very small, no large weapons, unfitting armour, see invisible, speed 3
a: no special abilities


You were on level 1 of the Dungeon.
You visited 1 branch of the dungeon, and saw 1 of its levels.

Inventory:

Hand Weapons
 a - a +0 club (weapon)
Armour
 b - a +0 robe (worn)
Wands
 c - a wand of flame (15) (quivered)
 d - a wand of charming (15)
Scrolls
 f - a scroll of noise {unknown}
Miscellaneous
 e - a piece from Xom's chessboard (15/15)


   Skills:
 - Level 0.7 Fighting
 + Level 3.2 Dodging
 * Level 1.6 Stealth
 + Level 4.0 Evocations


You couldn't memorise any spells.
You didn't know any spells.
Your spell library was empty.

Dungeon Overview and Level Annotations

Branches:
Dungeon (1/15)

Altars:


Innate Abilities, Weirdness & Mutations

You are very small and have problems with some larger weapons.
You are too small for most types of armour.
You have supernaturally acute eyesight. (SInv)
You cover ground extremely quickly. (Speed+++)


Message History

No target in view!
You see here a +0 robe.
Found a stone staircase leading down.
There is a stone staircase leading down here.
Found a stone staircase leading down.
Found a scroll labelled EWUCATILAT.
No target in view!
f - a scroll labelled EWUCATILAT A quokka comes into view.
The helpless quokka fails to defend itself.
You hit the quokka.
The quokka is heavily wounded.
The quokka bites you. The quokka barely misses you.
You hit the quokka.
The quokka is severely wounded.
The quokka barely misses you.
You hit the quokka but do no damage.
The quokka is severely wounded.
The quokka misses you. The quokka bites you.
You are too injured to fight recklessly!
You are too injured to fight recklessly!
You are too injured to fight recklessly!
You are too injured to fight recklessly!
You are too injured to fight recklessly!
You are too injured to fight recklessly!
A quokka is nearby!
You hit the quokka but do no damage.
The quokka is severely wounded.
The quokka barely misses you.
You hit the quokka but do no damage.
The quokka is severely wounded.
The quokka completely misses you. The quokka misses you.
You hit the quokka.
The quokka is almost dead.
The quokka closely misses you.
You miss the quokka.
The quokka is almost dead.
The quokka bites you.
Ouch! That really hurt!
You die... ≈≈P≈.P## ≈≈ ≈≈≈≈≈≈. ≈P ≈P♣≈≈P #P PPP≈P

#. #..# #####.###.##
...........##.###
##### #...@r.....#
#...# ###.#...##....
#.<.## #...#.#.# #
#.#....# #...#.#.#
#.####.####...#.#.#
#......##.......#.#
#.≈≈....###......#.##.
#.≈≈....# ##.#..###..
#.......# #.#...#.#


You could see a quokka.

Vanquished Creatures
  A rat (D:1)
1 creature vanquished.

Notes
Turn   | Place    | Note
-------+----------+-------------------------------------------
     0 | D:1      | Descartes the Spriggan Artificer began the quest for the
                  | Orb.
     0 | D:1      | Reached XP level 1. HP: 9/9 MP: 2/2
    70 | D:1      | Slain by a quokka

Illustrated notes

Levels and vault maps discovered:
D:1:      amcnicky_arrival_single_pillar, layout_loops_ring, serial_bayou,
          serial_bayou_lagoon_a, serial_bayou_shore_a, serial_bayou_pond_d,
          serial_bayou_shore_b, hellmonk_ecumenical_altar_crossroads

Action                   || total
-------------------------++-------
Melee: Club              ||    10
 Stab: Sleeping          ||     1
Dodge: Dodged            ||    10
